 Dungeon Crawl Stone Soup version 0.31-a0-995-g04711c9635 (webtiles) character file.

Game seed: 7717761849737012271

1583 Dirtsage the Ruffian (level 8, 0/61 HPs)
             Began as a Demonspawn Berserker on Nov 6, 2023.
             Was a Priest of Trog.
             Slain by an orc warrior
             ... wielding a +0 glaive
              (9 damage)
             ... on level 7 of the Dungeon.
             The game lasted 00:08:24 (5523 turns).

Dirtsage the Ruffian (Demonspawn Berserker)         Turns: 5523, Time: 00:08:25

Health: 0/61       AC:  9    Str: 20    XL:     8   Next: 60%
Magic:  8/8        EV:  9    Int:  9    God:    Trog [***...]
Gold:   371        SH:  5    Dex: 12    Spells: 7/7 levels left

rFire   + .          .
                       - Unarmed
rCold   . . .        (no shield)
rNeg    . . .        y - +0 chain mail
rPois   .            (helmet restricted)
rElec   .            h - scarf {shadows}
rCorr   .            (no gloves)
SInv    .            (no boots)
Will    .....        p - amulet of reflection Stlth
                     F - ring of protection from fire
HPRegen 0.30/turn    (no ring)
MPRegen 0.22/turn

%: reflection
@: no status effects
A: horns 1, foul stench 1, magic regeneration, demonic touch 2
a: Renounce Religion, Berserk, Trog's Hand


You were on level 7 of the Dungeon.
You worshipped Trog.
Trog was most pleased with you.
You visited 1 branch of the dungeon, and saw 7 of its levels.

You collected 371 gold pieces.

Inventory:

Hand Weapons
 a - a +0 hand axe
Missiles
 o - 3 throwing nets
Armour
 b - a +0 animal skin
 d - a +0 cloak
 h - a scarf of shadows (worn)
 m - a +0 ring mail
 q - a +2 helmet
 y - a +0 chain mail (worn)
Jewellery
 e - a ring of ice
 p - an amulet of reflection (around neck)
 F - a ring of protection from fire (left hand)
Wands
 u - a wand of roots (14)
 x - a wand of paralysis (14)
 B - a wand of mindburst (6)
Scrolls
 g - 3 scrolls of fear
 i - a scroll of identify
 j - a scroll of vulnerability
 k - 4 scrolls of fog
 n - 2 scrolls of amnesia {unknown}
 r - a scroll of enchant armour
 s - a scroll of enchant weapon
 w - a scroll of teleportation {unknown}
 A - a scroll of revelation
 C - a scroll of torment {unknown}
Potions
 c - a potion of mutation {unknown}
 f - 2 potions of degeneration {unknown}
 l - a potion of invisibility {unknown}
 t - a potion of magic {unknown}
 v - 2 potions of enlightenment {unknown}
 z - 2 potions of curing {unknown}
 D - a potion of lignification {unknown}


   Skills:
 + Level 4.6 Fighting
 - Level 3.8 Axes
 + Level 3.6 Armour
 + Level 3.6 Dodging
 * Level 7.6 Unarmed Combat


You had 7 spell levels left.
You didn't know any spells.
Your spell library contained the following spells:

 Spells                   Type           Power      Damage    Failure   Level
 Slow                     Hex            0%         N/A       97%         1
 Confusing Touch          Hex            0%         N/A       100%        3
 Sigil of Binding         Hex            0%         N/A       100%        3
 Vampiric Draining        Necr           0%         2d6       100%        3


Dungeon Overview and Level Annotations

Branches:
Dungeon (7/15)             Temple (0/1) D:7

Altars:
Ashenzari
Hepliaklqana
Makhleb
Nemelex Xobeh
Qazlal
Vehumet
Wu Jian
Xom
Yredelemnul


Innate Abilities, Weirdness & Mutations

You have a pair of small horns on your head.
You may rarely emit foul miasma when damaged in melee.
You regenerate magic rapidly.
Your touch may inflict irresistible damage on your foes.


Message History

The ball of steam hits you. You resist.
You take 2 damage, and have 59/61 hp.
You hit the steam dragon. Your headbutt misses the steam dragon.
The steam dragon is lightly wounded.
The steam dragon bites you.
You emit a cloud of foul miasma!
The steam dragon claws you.
The orc warrior hits you from afar with a +0 glaive!!
You take 28 damage, and have 31/61 hp.
MASSIVE DAMAGE!!
You are too injured to fight recklessly!
You are too injured to fight recklessly!
You are too injured to fight recklessly!
You punch the steam dragon! You headbutt the steam dragon!
The steam dragon is heavily wounded.
The steam dragon is engulfed in dark miasma.
The steam dragon is poisoned.
The steam dragon completely misses you. The steam dragon barely misses you.
The orc warrior hits you from afar with a +0 glaive.
You take 4 damage, and have 27/61 hp.
You hit the steam dragon.
The steam dragon is almost dead.
The steam dragon is engulfed in dark miasma.
The steam dragon looks even sicker.
The steam dragon seems to slow down.
You kill the steam dragon!
Trog accepts your kill.
The steam dragon scales are intact enough to wear.
You block the orc warrior's attack.
You barely miss the orc warrior.
The orc warrior hits you with a +0 glaive!!
* * * LOW HITPOINT WARNING * * *
You take 19 damage, and have 9/61 hp.
MASSIVE DAMAGE!!
You punch the orc warrior! You headbutt the orc warrior.
You touch the orc warrior!
Your punch misses the orc warrior.
The orc warrior is severely wounded.
You block the orc warrior's attack.
You hit the orc warrior.
You headbutt the orc warrior, but do no damage.
You touch the orc warrior!
The orc warrior is almost dead.
The orc warrior hits you with a +0 glaive!
You die...

..........## ...........#
...........# ...........# ###
.P.........########
...########.....○...........#
..oo5..........o@...........#
.....<......................#
...########...).............#
... #..............)).#####
... #).........#.<#).......
... #............#####.####
... ###.......#.## ##.###.
..# #.....#..# #......
..###..## #####..


You could see an orc warrior.

Vanquished Creatures
  Sigmund (D:2)
  A steam dragon (D:7)
  Menkaure (D:7)
  A black bear (D:5)
  An ogre (D:4)
  3 centaurs
  A bullfrog (D:7)
  A scorpion (D:6)
  3 wights
  3 jellies
  A hound (D:5)
  A sleepcap (D:4)
  2 iguanas (D:4)
  2 orc wizards
  6 gnolls
  5 adders
  4 ufetubi (D:6)
  2 dart slugs (D:4)
  5 orcs
  10 ball pythons
  7 endoplasms
  4 giant cockroaches
  10 goblins
  11 hobgoblins
  5 quokkas
  8 bats
  3 frilled lizards
  4 kobolds
  10 rats
116 creatures vanquished.

Notes
Turn   | Place    | Note
-------+----------+-------------------------------------------
     0 | D:1      | Dirtsage the Demonspawn Berserker began the quest for the
                  | Orb.
     0 | D:1      | Reached XP level 1. HP: 18/18 MP: 1/1
   145 | D:1      | Found a faded altar of an unknown god.
   173 | D:1      | Gained mutation: You may rarely emit foul miasma when
                  | damaged in melee. [demonic ancestry]
   173 | D:1      | Reached XP level 2. HP: 22/24 MP: 2/2
   636 | D:1      | Discovered your monstrous ancestry.
   636 | D:1      | Gained mutation: Your touch may inflict minor irresistible
                  | damage on your foes. [demonic ancestry]
   636 | D:1      | Reached XP level 3. HP: 28/29 MP: 3/3
   732 | D:1      | Reached ** piety under Trog
   891 | D:2      | Reached skill level 1 in Unarmed Combat
  1080 | D:2      | Noticed Sigmund
  1090 | D:2      | Killed Sigmund
  1091 | D:2      | Reached skill level 4 in Unarmed Combat
  1091 | D:2      | Gained mutation: Your touch may inflict irresistible damage
                  | on your foes. [demonic ancestry]
  1091 | D:2      | Reached XP level 4. HP: 35/35 MP: 4/4
  1091 | D:2      | Gained mutation: You regenerate magic rapidly. [demonic
                  | ancestry]
  1091 | D:2      | Reached XP level 5. HP: 41/41 MP: 5/5
  1546 | D:2      | Gained mutation: You have a pair of small horns on your
                  | head. [demonic ancestry]
  1546 | D:2      | Reached XP level 6. HP: 47/47 MP: 6/6
  1735 | D:2      | Identified the +2 leather armour "Teohol" {rF- Int+6 Dex+3}
  1991 | D:3      | Found a burning altar of Makhleb.
  1992 | D:3      | Noticed an angel
  1992 | D:3      | Noticed a cacodemon
  2467 | D:3      | Found a faded altar of an unknown god.
  2468 | D:3      | Found a faded altar of an unknown god.
  2474 | D:3      | Found a hazy altar of Hepliaklqana.
  2754 | D:4      | Reached skill level 5 in Unarmed Combat
  2929 | D:4      | Reached *** piety under Trog
  3073 | D:4      | Found an ornate altar of the Wu Jian Council.
  3307 | D:4      | Found a large runed translucent door.
  3308 | D:4      | Found a large runed translucent door.
  3646 | D:4      | Found a broken altar of Ashenzari.
  3652 | D:4      | Reached skill level 6 in Unarmed Combat
  3652 | D:4      | Reached XP level 7. HP: 44/52 MP: 7/7
  3684 | D:4      | Found a radiant altar of Vehumet.
  3714 | D:5      | Entered Level 5 of the Dungeon
  3745 | D:5      | Found a stormy altar of Qazlal.
  4112 | D:5      | Found a basalt altar of Yredelemnul.
  4490 | D:6      | You fall into a shaft and drop 1 floor!
  4497 | D:7      | Noticed Menkaure
  4502 | D:7      | Killed Menkaure
  4503 | D:7      | Noticed a steam dragon
  4571 | D:6      | Found a shimmering altar of Xom.
  4588 | D:6      | Reached XP level 8. HP: 38/60 MP: 8/8
  4945 | D:6      | Reached skill level 7 in Unarmed Combat
  5426 | D:7      | Found a sparkling altar of Nemelex Xobeh.
  5432 | D:7      | Found a staircase to the Ecumenical Temple.
  5523 | D:7      | Slain by an orc warrior

Illustrated notes

Levels and vault maps discovered:
D:1:      scummos_arrival_hexagon, layout_basic,
          ebering_ecumenical_altar_petrified
D:2:      layout_loops_cross, minmay_pentomino_x2, uniq_sigmund
D:3:      layout_loops_ring, grunt_temple_overflow_order_and_chaos_2,
          nicolae_hepliaklqana_ecumenical_no_more
D:4:      layout_loops_ring, jmf_multi_god_temple2, nzn_wu_jian_council_hall
D:5:      layout_basic, kennysheep_mini, old_standard_altar,
          chequers_serial_rivers_large_a, water_boxes_lemuel
D:6:      layout_cave_pools, old_standard_altar, minivault_11
D:7:      cheibrodos_helix_gallery, layout_rooms,
          mainiacjoe_overflow_surrounded_room, minmay_temple_entry_from_below_a,
          serial_undead, serial_undead_d, serial_undead_b, serial_undead_c,
          serial_undead_e, enter_bailey_4, minmay_misc_feat_roman, uniq_menkaure

Skill      XL: |  1  2  3  4  5  6  7  8 |
---------------+-------------------------+-----
Axes           | 3 |  3.8
Unarmed Combat | 4 6 7 |  7.6
Armour         | 2 3 |  3.6
Dodging        | 2 3 |  3.6
Fighting       | 4 |  4.6

Action                     |  1- 3 |  4- 6 |  7- 9 || total
---------------------------+-------+-------+-------++-------
  Melee: Hand axe          |    96 |       |       ||    96
         Touch             |     4 |    15 |    20 ||    39
         Punch             |     1 |     4 |     2 ||     7
         Unarmed           |       |   121 |   100 ||   221
         Headbutt          |       |    13 |    17 ||    30
 Invoke: Berserk           |     1 |     1 |     1 ||     3
    Use: Scroll            |       |     4 |     2 ||     6
   Stab: Sleeping          |     2 |       |       ||     2
 Armour: Animal skin       |    45 |     1 |       ||    46
         Ring mail         |       |    39 |       ||    39
         Chain mail        |       |    14 |    98 ||   112
  Dodge: Dodged            |    72 |    50 |    54 ||   176
  Block: Other             |       |    15 |    30 ||    45
         Reflection        |       |     1 |       ||     1

Table legend: (Time is in decaauts)
 A = Elapsed time spent in this place.
 B = Non-inter-level travel time spent in this place.
 C = Inter-level travel time spent in this place.
 D = Time resting spent in this place.
 E = Time spent auto-exploring this place.
 F = Levels seen in this place.
 G = Mean time per level.
                   A        B        C        D        E       F      G
               +--------+--------+--------+--------+--------+-----+--------+
         Total |   5550 |   5338 |    212 |    277 |   4316 |   7 |  792.9 |
       Dungeon |   5550 |   5338 |    212 |    277 |   4316 |   7 |  792.9 |
               +--------+--------+--------+--------+--------+-----+--------+

Top non-repeatable levels by time:
     D:4: 1024 daAuts
     D:1: 1018 daAuts
     D:6: 935 daAuts
     D:3: 845 daAuts
     D:2: 842 daAuts
     D:5: 705 daAuts
     D:7: 177 daAuts
